 Dungeon Crawl Stone Soup version 0.23.2-1-ga50397a (webtiles) character file.

Game seed: 9105082622298439869

2806 kae the Transmogrifier (level 9, -11/64 HPs)
             Began as a Grey Draconian Transmuter on May 27, 2019.
             Was a Believer of Makhleb.
             Mangled by a cyan ugly thing (16 damage)
             ... on level 8 of the Dungeon on May 31, 2019.
             The game lasted 00:15:18 (8615 turns).

kae the Transmogrifier (Grey Draconian Transmuter)  Turns: 8615, Time: 00:15:19

Health: -11/64     AC:  2    Str: 16    XL:     9   Next: 44%
Magic:  9/19       EV: 19    Int: 14    God:    Makhleb [**....]
Gold:   79         SH:  0    Dex: 19    Spells: 10/21 levels left

rFire    . . .     SeeInvis .     - Unarmed
rCold    . . .     Gourm    .   (shield currently unavailable)
rNeg     . . .     Faith    .   (armour unavailable)
rPois    x         Spirit   .   (helmet currently unavailable)
rElec    .         Reflect  .   (cloak currently unavailable)
rCorr    .         Harm     .   (gloves currently unavailable)
MR       .....                  (boots currently unavailable)
Stlth    ++........             (no amulet)
HPRegen  0.20/turn              l - +3 ring of strength
MPRegen  0.16/turn              (no ring)

@: spider-form, very slightly contaminated
A: tiny, (walk through water), unfitting armour, AC +12
a: End Transformation, Minor Destruction, Renounce Religion


You were on level 8 of the Dungeon.
You worshipped Makhleb.
Makhleb was pleased with you.
You were hungry.
You were a venomous arachnid creature.
You visited 2 branches of the dungeon, and saw 10 of its levels.
You also visited: Ossuary.

You collected 435 gold pieces.
You spent 356 gold pieces at shops.

Inventory:

Missiles
 a - 121 arrows
Armour
 b - a +2 pair of gloves
 v - the +1 pair of gloves of Serran (melded) {-Tele *Drain rPois Int+9}
   (You bought it in a shop on level 7 of the Dungeon)

   It affects your intelligence (+9).
   It protects you from poison.
   It prevents most forms of teleportation.
   It causes draining when unequipped.
Jewellery
 l - a +3 ring of strength (left front leg)
Wands
 h - a wand of polymorph (4)
 n - a wand of flame (25)
Scrolls
 d - 3 scrolls of teleportation
 f - 5 scrolls of identify
 j - 7 scrolls of remove curse
 m - a scroll of immolation
 p - 2 scrolls of enchant armour
 y - 2 scrolls of amnesia
Potions
 g - 2 potions of flight
 i - a potion of lignification
 k - 2 potions of resistance
 o - a potion of curing
 q - a potion of agility
 s - a potion of mutation
 t - a potion of brilliance
 u - a potion of haste
Comestibles
 c - 12 rations


   Skills:
 - Level 1.1 Fighting
 - Level 1.7 Dodging
 + Level 5.7 Unarmed Combat
 + Level 6.7 Spellcasting
 * Level 10.1 Transmutations


You had 10 spell levels left.
You knew the following spells:

 Your Spells              Type           Power        Failure   Level  Hunger
a - Beastly Appendage     Tmut           ####..       2%          1    None
b - Sticks to Snakes      Tmut           ####....     3%          2    #......
c - Spider Form           Tmut/Pois      ###.......   16%         3    ##.....
d - Blade Hands           Tmut           ####......   17%         5    ######.

Your spell library contained the following spells:

 Spells                   Type           Power        Failure   Level  Hunger
 Magic Dart               Conj           #...         32%         1    None
 Ice Form                 Ice/Tmut       ###.....     38%         4    ####...
 Blink                    Tloc           N/A          43%         2    #......
 Call Imp                 Summ           #.......     43%         2    #......
 Slow                     Hex            #.......     43%         2    #......
 Conjure Flame            Conj/Fire      #.......     63%         3    ##.....
 Mephitic Cloud           Conj/Pois/Air  #.......     63%         3    ##.....


Dungeon Overview and Level Annotations

Branches:
Dungeon (9/15)             Temple (1/1) D:7
   Lair: D:8-11         Orc: D:9-12

Altars:
Ashenzari
Cheibriados
Dithmenos
Elyvilon
Fedhas
Gozag
Hepliaklqana
Kikubaaqudgha
Makhleb
Nemelex Xobeh
Okawaru
Qazlal
Ru
Sif Muna
Trog
Uskayaw
Vehumet
Wu Jian
Xom
Yredelemnul
Zin
The Shining One
Lugonu

Shops:
D:4 =   D:7 *

Annotations:
D:6 exclusion: orc priest
D:8 3 runed translucent doors, kae's ghost, novice DrTm


Innate Abilities, Weirdness & Mutations

((You can walk through water.))
((Your dull iron-grey scales are very hard. (AC +12)))
You cannot fit into any form of body armour.
((You can survive without breathing.))
((You are cold-blooded and may be slowed by cold attacks.))


Message History

Unknown command.
The cyan ugly thing punches you! The cyan ugly thing shocks you!
You feel much better.
The cyan ugly thing completely misses you.
Casting: Spider Form (safe; 16% risk of failure)
Confirm with . or Enter, or press ? or * to list all spells.
You miscast Blade Hands.
You are very lightly contaminated with residual magic.
Your body is twisted very painfully!
You are feeling hungry.
The cyan ugly thing punches you! The cyan ugly thing shocks you!
* * * LOW HITPOINT WARNING * * *
Casting: Blade Hands (quite dangerous; 17% risk of failure)
Confirm with . or Enter, or press ? or * to list all spells.
You miscast Blade Hands.
The air around you crackles with energy!
The cyan ugly thing punches you!
* * * LOW HITPOINT WARNING * * *
The cyan ugly thing shocks you!
You die...

#.####..........
#.# ###########
#.# # #># # #.#
######## ###.#
#####....... #...#
#........... #u###
#.####.####. #s#
#.##.....##. #.#
#.#.......#. #.#
#.#.......#. #.#
##....._..... #.#
#..#.......#. #.#
#..#.......#. #.#
#..##..)..##. #.#
#..####)####.
#.####.......)....


You could see a cyan ugly thing.

Vanquished Creatures
  Maurice (D:8)
  Sigmund (D:3)
  Grum (D:8)
  A steam dragon (D:9)
  A phantom (D:4)
  A necrophage (D:8)
  2 ogres
  2 wolves (D:8)
  A centaur (D:7)
  2 bullfrogs
  A scorpion (D:4)
  A howler monkey (D:4)
  3 vampire bats (D:7)
  2 crimson imps
  A bullfrog zombie (D:5)
  A jelly (D:7)
  5 orc priests
  2 hounds
  A centaur skeleton (D:4)
  An iguana (D:7)
  5 orc wizards
  5 worker ants
  A hound zombie (D:7)
  13 mummies
  9 gnolls
  A howler monkey skeleton (D:4)
  6 adders
  3 shadow imps
  An adder zombie (D:5)
  An adder skeleton (D:3)
  A dart slug (D:2)
  2 leopard geckos
  32 orcs
  4 bat skeletons (D:7)
  2 bat zombies (D:7)
  5 giant cockroaches
  9 goblins
  A hobgoblin (D:1)
  4 jackals
  6 quokkas
  8 bats
  2 frilled lizards
  A gnoll skeleton (Ossuary)
  4 goblin skeletons (Ossuary)
  2 kobolds
  A kobold skeleton (Ossuary)
  2 orc skeletons (Ossuary)
  5 rats
  11 rat skeletons (Ossuary)
178 creatures vanquished.

Notes
Turn   | Place    | Note
-------+----------+-------------------------------------------
     0 | D:1      | kae the Draconian Transmuter began the quest for the Orb.
     0 | D:1      | Reached XP level 1. HP: 16/16 MP: 3/3
   312 | D:1      | Reached XP level 2. HP: 23/23 MP: 3/5
   613 | D:2      | Reached skill level 3 in Transmutations
   695 | D:2      | Found a sparkling altar of Nemelex Xobeh.
   710 | D:2      | Reached XP level 3. HP: 24/28 MP: 4/6
   732 | D:2      | Learned a level 2 spell: Sticks to Snakes
   736 | D:2      | Learned a level 3 spell: Spider Form
  1333 | D:3      | Noticed Sigmund
  1339 | D:3      | Found a shattered altar of Ashenzari.
  1364 | D:3      | Killed Sigmund
  1364 | D:3      | Reached skill level 4 in Transmutations
  1364 | D:3      | Reached XP level 4. HP: 17/35 MP: 1/9
  1364 | D:3      | Reached XP level 5. HP: 19/40 MP: 1/10
  1651 | D:3      | Reached skill level 5 in Transmutations
  1678 | D:3      | Reached XP level 6. HP: 38/47 MP: 9/11
  1837 | D:3      | Found a hazy altar of Hepliaklqana.
  2014 | D:3      | Found a faded altar of an unknown god.
  2380 | D:4      | Found Cueneu's Jewellery Shop.
  2431 | D:4      | Reached skill level 6 in Transmutations
  2434 | D:4      | Found a basalt altar of Yredelemnul.
  2436 | D:4      | Found a hide-covered altar of Uskayaw.
  2439 | D:4      | Found a glowing silver altar of Zin.
  2599 | D:4      | Your scales start taking on a dull iron-grey colour.
  2599 | D:4      | Reached XP level 7. HP: 52/52 MP: 9/13
  2599 | D:4      | Gained mutation: You can survive without breathing. [Grey
                  | Draconian growth]
  2802 | D:4      | Found a bloodstained altar of Trog.
  3337 | D:4      | Found a white marble altar of Elyvilon.
  3437 | D:5      | Entered Level 5 of the Dungeon
  3540 | D:5      | Reached skill level 7 in Transmutations
  4058 | D:5      | HP: 3/78 [poisoned by a worker ant]
  4453 | D:5      | Found a burning altar of Makhleb.
  4467 | D:5      | Became a worshipper of Makhleb the Destroyer
  4585 | D:5      | Reached skill level 5 in Spellcasting
  4996 | D:6      | You fall through a shaft!
  4996 | D:7      | Found a staircase to the Ecumenical Temple.
  5004 | Temple   | Entered the Ecumenical Temple
  5192 | D:7      | Reached XP level 8. HP: 31/59 MP: 13/15
  5525 | D:7      | Found a sand-covered staircase.
  5539 | Ossuary  | Entered an ossuary
  5598 | Ossuary  | Learned a level 5 spell: Blade Hands
  5641 | Ossuary  | Reached skill level 8 in Transmutations
  6144 | Ossuary  | Reached * piety under Makhleb
  7013 | D:7      | Found an ancient bone altar of Kikubaaqudgha.
  7265 | D:7      | Found Kiupeeleu's Assorted Antiques.
  7272 | D:7      | Bought a pair of steaming gloves for 294 gold pieces
  7272 | D:7      | Bought a scroll of identify for 62 gold pieces
  7283 | D:7      | Identified the +1 pair of gloves of Serran {-Tele *Drain
                  | rPois Int+9} (You bought it in a shop on level 7 of the
                  | Dungeon)
  7399 | D:8      | Noticed Grum
  7424 | D:8      | Killed Grum
  7424 | D:8      | Reached skill level 9 in Transmutations
  7512 | D:8      | Reached ** piety under Makhleb
  7709 | D:8      | Reached XP level 9. HP: 62/64 MP: 18/18
  7750 | D:8      | Reached skill level 5 in Unarmed Combat
  7767 | D:8      | Found a runed translucent gate.
  7767 | D:8      | Found a runed translucent gate.
  7767 | D:8      | Found a runed translucent gate.
  7974 | D:8      | Found an iron altar of Okawaru.
  8051 | D:8      | Noticed kae's ghost (novice DrTm)
  8151 | D:8      | Noticed Maurice
  8166 | D:8      | Killed Maurice
  8351 | D:9      | Reached skill level 10 in Transmutations
  8589 | D:9      | Identified the +3 scimitar of Pedalur {distort, rElec rPois
                  | Str+4 Dex-3}
  8591 | D:9      | Noticed a cyan ugly thing
  8592 | D:9      | Noticed a tengu conjurer
  8615 | D:8      | Mangled by a cyan ugly thing

Skill      XL: |  1  2  3  4  5  6  7  8  9 |
---------------+----------------------------+-----
Transmutations | 3 4 5 6 7 9 10 | 10.1
Spellcasting   | 3 4 5 6 |  6.7
Unarmed Combat | 4 5 |  5.7
Fighting       | |  1.1
Dodging        | |  1.7

Action                   |  1- 3 |  4- 6 |  7- 9 || total
-------------------------+-------+-------+-------++-------
Melee: Unarmed           |   111 |   109 |   464 ||   684
       Tailslap          |    14 |     2 |    47 ||    63
       Kick              |     4 |       |    30 ||    34
       Headbutt          |     1 |       |    17 ||    18
       Punch             |       |       |    10 ||    10
 Cast: Beastly Appendage |    14 |     1 |    27 ||    42
       Spider Form       |       |    11 |    18 ||    29
       Sticks to Snakes  |       |       |     1 ||     1
       Blade Hands       |       |       |     4 ||     4
  Use: Scroll            |     8 |     1 |    14 ||    23
       Potion            |     1 |       |     8 ||     9
 Stab: Sleeping          |       |     2 |     2 ||     4
  Eat: Chunk             |     1 |     6 |    19 ||    26
       Ration            |       |       |     1 ||     1
Armor: Skin              |    47 |    20 |   114 ||   181
Dodge: Dodged            |    75 |    71 |   278 ||   424
